 Dungeon Crawl Stone Soup version 0.30-a0-696-g2367cd04db (webtiles) character file.

Game seed: 8412370127207465602

15 tilp the Covered (level 2, 0/26 HPs)
             Began as a Meteoran Fighter on Jan 21, 2023.
             Slain by an endoplasm (1 damage)
             ... on level 2 of the Dungeon.
             The game lasted 00:01:43 (254 turns).

tilp the Covered (Meteoran Fighter)                  Turns: 254, Time: 00:01:44

Health: 0/26       AC:  8    Str: 17    XL:     2   Next: 88%
Magic:  3/3        EV:  9    Int:  9    God:
Gold:   12         SH:  5    Dex: 13    Spells: 1/1 levels left

rFire   . . .      SeeInvis .    a - +0 long sword
rCold   . . .      Faith    .    c - +0 buckler
rNeg    . . .      Spirit   .    k - +0 scale mail
rPois   .          Reflect  .    (no helmet)
rElec   .          Harm     .    j - +0 cloak
rCorr   .          Rampage  .    (no gloves)
Will    .....                    (no boots) Stlth
                                 (no amulet)
HPRegen 0.24/turn                (no ring)
MPRegen 0.08/turn                (no ring)

@: glowing
A: sense surroundings 1, otherworldly, glowing, explore regen
a: no special abilities


You were on level 2 of the Dungeon.
You visited 1 branch of the dungeon, and saw 2 of its levels.

You collected 12 gold pieces.

Inventory:

Hand Weapons
 a - a +0 long sword (weapon)
 b - a +2 whip of freezing
Missiles
 i - 8 stones (quivered)
Armour
 c - a +0 buckler (worn)
 j - a +0 cloak (worn)
 k - a +0 scale mail (worn)
Scrolls
 e - a scroll of enchant armour {unknown}
 g - 2 scrolls of teleportation {unknown}
 h - 2 scrolls of fear {unknown}
 l - a scroll of immolation {unknown}
 m - a scroll of identify {unknown}
Potions
 d - 2 potions of might
 f - a potion of brilliance {unknown}


   Skills:
 + Level 3.3 Fighting
 + Level 2.6 Long Blades
 + Level 3.8 Armour
 * Level 1.1 Dodging
 + Level 0.5 Stealth
 + Level 3.7 Shields


You had one spell level left.
You didn't know any spells.
Your spell library was empty.

Dungeon Overview and Level Annotations

Branches:
Dungeon (2/15) Zot: 926

Altars:


Innate Abilities, Weirdness & Mutations

You passively map a small area around you.
You are easily found by Zot.
You glow in the dark.
You regain HP and MP as you explore.


Message History

The adder is almost dead.
The adder closely misses you.
The hobgoblin hits you but does no damage.
The endoplasm hits you but does no damage.
The adder bites you.
You closely miss the adder.
The adder is almost dead.
The hobgoblin hits you. The endoplasm barely misses you.
The adder bites you but does no damage. The endoplasm barely misses you.
The adder bites you.
You are poisoned.
The adder poisons you! The hobgoblin closely misses you.
You barely miss the adder.
The adder is almost dead.
You feel sick. You block the adder's attack.
The hobgoblin hits you but does no damage.
The endoplasm freezes you.
You are frozen.
You barely miss the adder.
The adder is almost dead.
You feel sick. The adder bites you but does no damage. The hobgoblin hits you.
* * * LOW HITPOINT WARNING * * *
You block the endoplasm's attack. The adder closely misses you.
You completely miss the adder.
The adder is almost dead.
You feel sick.
You are no longer poisoned.
The adder bites you but does no damage. The hobgoblin hits you.
* * * LOW HITPOINT WARNING * * *
The endoplasm freezes you.
You are frozen.
* * * LOW HITPOINT WARNING * * *
You block the adder's attack.
You slash the adder!
You kill the adder!
The hobgoblin hits you but does no damage.
The endoplasm hits you.
* * * LOW HITPOINT WARNING * * *
The endoplasm hits you.
You die...

, * , *
#.###.#...#...
* , , .
.....(....... *
, .)
............ #
... ...........
** . * ..
.......... *
#.#.#.........
* *
#......J....>.*
,∩ , #@g......*
, *#........ ,
* #####.### *
.., * * , ,* *
* # ~ *, , * ,
, * , , * *


You could see an endoplasm and a hobgoblin.

Vanquished Creatures
  An adder (D:2)
  A dart slug (D:1)
  3 bats (D:1)
  2 endoplasms
  2 hobgoblins (D:1)
  2 kobolds (D:1)
  2 rats (D:1)
13 creatures vanquished.

Notes
Turn   | Place    | Note
-------+----------+-------------------------------------------
     0 | D:1      | tilp the Meteoran Fighter began the quest for the Orb.
     0 | D:1      | Reached XP level 1. HP: 19/19 MP: 2/2
    55 | D:1      | Reached XP level 2. HP: 22/26 MP: 3/3
   153 | D:1      | Reached skill level 1 in Dodging
   254 | D:2      | HP: 1/26 [endoplasm (1)]
   254 | D:2      | Slain by an endoplasm

Illustrated notes

Levels and vault maps discovered:
D:1:      minmay_arrival_arboretum_large, layout_basic, serial_shops, shop,
          minmay_misc_feat_hallway
D:2:      layout_basic, serial_shops, nicolae_lakefront_shop

Skill      XL: |  1  2 |
---------------+-------+-----
Dodging        | 1 |  1.1
Fighting       | |  3.3
Long Blades    | |  2.6
Armour         | |  3.8
Stealth        | |  0.5
Shields        | |  3.7

Action                   || total
-------------------------++-------
Melee: Long sword        ||    56
Throw: Javelin           ||     2
Armor: Scale mail        ||    49
Dodge: Dodged            ||    22
Block: Buckler           ||    15

Table legend: (Time is in decaauts)
 A = Elapsed time spent in this place.
 B = Non-inter-level travel time spent in this place.
 C = Inter-level travel time spent in this place.
 D = Time resting spent in this place.
 E = Time spent auto-exploring this place.
 F = Levels seen in this place.
 G = Mean time per level.
                   A        B        C        D        E       F      G
               +--------+--------+--------+--------+--------+-----+--------+
         Total |    272 |    265 |      7 |      0 |      0 |   2 |  136.0 |
       Dungeon |    272 |    265 |      7 |      0 |      0 |   2 |  136.0 |
               +--------+--------+--------+--------+--------+-----+--------+

Top non-repeatable levels by time:
     D:1: 243 daAuts
     D:2: 29 daAuts
